 Dungeon Crawl Stone Soup version 0.19.4-8-ga85b6b9 (webtiles) character file.

11658 Jerry the Cleaver (level 11, -3/101 HPs)
             Began as a Minotaur Fighter on Feb 10, 2017.
             Was a Believer of Kikubaaqudgha.
             Slain by Snorg (15 damage)
             ... on level 10 of the Dungeon.
             The game lasted 00:26:58 (8751 turns).

Jerry the Cleaver (Minotaur Fighter)                Turns: 8751, Time: 00:26:59

Health: -3/101     AC: 20    Str: 21    XL:     11   Next: 52%
Magic:  12/12      EV: 10    Int:  8    God:    Kikubaaqudgha [**....]
Gold:   554        SH:  6    Dex: 14    Spells: 4 memorised, 5 levels left

rFire  . . .     SeeInvis .     I - +11 hand axe "Echar" {holy, Dex+4}
rCold  . . .     Gourm    .     y - +0 plate armour
rNeg   . . .     Faith    .     B - +0 buckler
rPois  .         Spirit   .     M - +2 hat
rElec  .         Reflect  .     q - +0 cloak
rCorr  +         Harm     .     k - +1 pair of gloves
MR     .....                    (no boots)
Stlth  ..........               h - amulet of regeneration
                                L - +3 ring of evasion
                                C - ring of resist corrosion

@: about to teleport
A: retaliatory headbutt, horns 2
a: Receive Corpses, Renounce Religion


You were on level 10 of the Dungeon.
You worshipped Kikubaaqudgha.
Kikubaaqudgha was pleased with you.
You were not hungry.

You visited 2 branches of the dungeon, and saw 11 of its levels.

You collected 554 gold pieces.

Inventory:

Hand Weapons
 e - a +3 broad axe
 I - the +11 hand axe "Echar" (weapon) {holy, Dex+4}
   (You found it on level 8 of the Dungeon)

   It has been blessed by the Shining One to cause great damage to the undead
   and demons.
   It affects your dexterity (+4).
Armour
 k - a +1 pair of gloves (worn)
 q - a +0 cloak (worn)
 y - a +0 plate armour (worn)
 B - a +0 buckler (worn)
 M - a +2 hat (worn)
Jewellery
 h - an amulet of regeneration (around neck)
 C - a ring of resist corrosion (left hand)
 J - an uncursed ring of protection from fire
 L - a +3 ring of evasion (right hand)
Wands
 a - a wand of lightning (2/15)
 n - a wand of slowing (40/48)
 E - a wand of lightning (7/15)
 P - a wand of flame (16/48)
Scrolls
 g - 2 scrolls of magic mapping
 p - 2 scrolls of fear
 t - a scroll of enchant armour
 A - 6 scrolls of remove curse
 G - a scroll of teleportation
 H - a scroll of identify
 N - a scroll of recharging
 O - a scroll of torment {unknown}
Potions
 d - 2 potions of might
 l - 2 potions of cure mutation
 o - a potion of haste
 s - 3 potions of lignification
 u - 2 potions of resistance
 w - a potion of magic
 x - a potion of flight {unknown}
 z - a potion of curing
 D - a potion of agility {unknown}
Books
 c - a book of Air

   Spells                             Type                      Level
   a - Shock                          Conjuration/Air              1
   b - Swiftness                      Charms/Air                   2
   c - Repel Missiles                 Charms/Air                   2
   d - Static Discharge               Conjuration/Air              3
   e - Lightning Bolt                 Conjuration/Air              5
 j - a book of Geomancy

   Spells                             Type                      Level
   a - Sandblast                      Earth                        1
   b - Passwall                       Transmutation/Earth          2
   c - Stone Arrow                    Conjuration/Earth            3
   d - Petrify                        Transmutation/Earth          4
   e - Lee's Rapid Deconstruction     Earth                        5
 r - a book of Cantrips

   Spells                             Type                      Level
   a - Confusing Touch                Hexes                        1
   b - Animate Skeleton               Necromancy                   1
   c - Summon Small Mammal            Summoning                    1
   d - Apportation                    Translocation                1
 K - Kikubaaqudgha's Grimoire of Sinister Rites
   (Kikubaaqudgha gifted it to you on level 8 of the Dungeon)

   Spells                             Type                      Level
   a - Animate Skeleton               Necromancy                   1
   b - Corpse Rot                     Necromancy                   2
   c - Sublimation of Blood           Necromancy                   2
   d - Vampiric Draining              Necromancy                   3
   e - Control Undead                 Necromancy                   4
Comestibles
 f - 9 bread rations
 i - 2 chunks of flesh
 m - 3 fruits
 v - 2 meat rations
 F - 2 beef jerkies


   Skills:
 + Level 10.7 Fighting
 * Level 14.1 Axes
 + Level 10.6 Armour
 - Level 8.4 Shields
 + Level 1.4 Spellcasting
 + Level 1.6 Necromancy


You had 5 spell levels left.
You knew the following spells:

 Your Spells              Type           Power        Failure   Level  Hunger
a - Animate Skeleton      Necr           N/A          100%        1    ##.....
b - Repel Missiles        Chrm/Air       #.....       100%        2    ###....
c - Swiftness             Chrm/Air       #.......     100%        2    ###....
e - Passwall              Tmut/Erth      #.........   100%        2    ###....


Dungeon Overview and Level Annotations

Branches:
Dungeon (10/15)            Temple (1/1) D:7            Lair (0/6) D:10
    Orc (0/2) D:10

Altars:
Ashenzari
Cheibriados
Dithmenos
Elyvilon
Fedhas
Hepliaklqana
Kikubaaqudgha
Makhleb
Nemelex Xobeh
Okawaru
Qazlal
Ru
Sif Muna
Trog
Uskayaw
Vehumet
Xom
Yredelemnul
Zin
The Shining One

Shops:
D:5 %   D:7 [

Annotations:
D:10 Snorg


Innate Abilities, Weirdness & Mutations

You reflexively headbutt those who attack you in melee.
You have a pair of horns on your head.


Message History

You block Snorg's attack. Snorg claws you but does no damage.
Snorg barely misses you.
You slash Snorg!
Snorg is heavily wounded.
Snorg bites you.
* * * LOW HITPOINT WARNING * * *
Snorg claws you!
* * * LOW HITPOINT WARNING * * *
Snorg claws you.
* * * LOW HITPOINT WARNING * * *
You feel much better. Snorg closely misses you.
Snorg claws you but does no damage. Snorg claws you!
* * * LOW HITPOINT WARNING * * *
Snorg barely misses you. Snorg claws you but does no damage.
Snorg barely misses you.
Some of the chunks of flesh in your inventory have rotted away.
As you read the scroll of teleportation, it crumbles to dust.
You feel strangely unstable. Snorg bites you!
You die...
Kikubaaqudgha rasps: "You have failed me!
Welcome... death!"

.........[........
.................
#############.............
..........................
..........................
#########.................
#.##############.. #.# #..
#@# #..
######T############ #..
.....${lH..)†.......
.......{....H.......
########............
#............
........?.....
...............
...............#


You could see Snorg (berserk), a hippogriff and a wyvern.

Vanquished Creatures
  Gastronok (D:9)
  Erolcha (D:9)
  Urug (D:10)
  A centaur warrior (D:8)
  Joseph (D:7)
  Maurice (D:10)
  Psyche (D:10)
  A troll (D:9)
  A two-headed ogre (D:9)
  3 hippogriffs
  Eustachio (D:5)
  A wyvern (D:6)
  A hungry ghost (D:8)
  Menkaure (D:7)
  A black bear (D:9)
  3 orc warriors
  3 ice beasts
  6 phantoms
  4 centaurs
  7 ogres
  A crocodile (D:10)
  Blork the orc (D:5)
  15 bullfrogs
  2 gnoll sergeants (D:5)
  A wyvern zombie (D:10)
  2 scorpions
  11 killer bees
  4 howler monkeys
  A centaur zombie (D:6)
  7 crimson imps
  2 centaur skeletons
  2 jellies
  Crazy Yiuf (D:2)
  A gnoll shaman (D:6)
  5 orc priests
  A bullfrog skeleton (D:7)
  6 hounds
  2 iguanas
  Ijyb (D:2)
  5 worker ants
  5 orc wizards
  A killer bee zombie (D:7)
  2 hound skeletons
  3 worker ant zombies
  11 gnolls
  A howler monkey skeleton (D:6)
  12 adders
  3 shadow imps
  2 oozes (D:1)
  2 adder skeletons
  A worm (D:4)
  4 dart slugs
  9 leopard geckos
  30 orcs
  3 giant cockroaches
  5 hobgoblins
  9 jackals
  4 kobolds
  5 quokkas
  5 bats
  6 frilled lizards
  9 goblins
  A jackal zombie (D:8)
  A quokka zombie (D:5)
  8 rats
253 creatures vanquished.

Notes
Turn   | Place    | Note
-------+----------+-------------------------------------------
     0 | D:1      | Jerry the Minotaur Fighter began the quest for the Orb.
     0 | D:1      | Reached XP level 1. HP: 19/19 MP: 0/0
    81 | D:1      | Reached skill level 3 in Axes
    96 | D:1      | Reached XP level 2. HP: 18/27 MP: 1/1
   296 | D:1      | Reached XP level 3. HP: 31/33 MP: 2/2
   564 | D:1      | Reached skill level 4 in Axes
   937 | D:2      | Noticed Ijyb
   952 | D:2      | Killed Ijyb
   952 | D:2      | Reached XP level 4. HP: 35/40 MP: 3/3
  1160 | D:2      | Found a runed door.
  1164 | D:2      | Noticed Crazy Yiuf
  1171 | D:2      | Killed Crazy Yiuf
  1440 | D:2      | Found a basalt altar of Yredelemnul.
  1440 | D:2      | Found a bloodstained altar of Trog.
  1630 | D:3      | Found a shattered altar of Ashenzari.
  1943 | D:3      | Reached skill level 5 in Axes
  2143 | D:3      | Reached XP level 5. HP: 47/47 MP: 4/4
  2304 | D:3      | Found a glowing silver altar of Zin.
  2757 | D:4      | Reached skill level 5 in Armour
  2761 | D:4      | Reached skill level 5 in Fighting
  2761 | D:4      | Reached XP level 6. HP: 42/56 MP: 5/5
  2874 | D:4      | Reached skill level 6 in Axes
  3063 | D:4      | Reached XP level 7. HP: 48/61 MP: 6/6
  3141 | D:4      | Reached skill level 7 in Axes
  3441 | D:4      | You fall through a shaft for 2 floors!
  3463 | D:5      | Entered Level 5 of the Dungeon
  3463 | D:5      | Found Bohi's Food Emporium.
  3586 | D:5      | Learned a level 1 spell: Animate Skeleton
  3600 | D:5      | Noticed Eustachio
  3610 | D:5      | Killed Eustachio
  3610 | D:5      | Reached skill level 8 in Axes
  3797 | D:5      | Noticed Blork the orc
  3802 | D:5      | Killed Blork the orc
  3802 | D:5      | Reached XP level 8. HP: 71/71 MP: 7/7
  3975 | D:5      | Reached skill level 9 in Axes
  4303 | D:6      | Reached skill level 10 in Axes
  4339 | D:6      | Reached XP level 9. HP: 61/80 MP: 8/8
  4711 | D:7      | Found Erghuprelab's Antique Armour Emporium.
  4711 | D:7      | Noticed Menkaure
  4770 | D:6      | Reached skill level 5 in Shields
  4821 | D:6      | Found a shadowy altar of Dithmenos.
  4821 | D:6      | Found a glowing golden altar of the Shining One.
  5354 | D:7      | Learned a level 2 spell: Repel Missiles
  5357 | D:7      | Learned a level 2 spell: Swiftness
  5359 | D:7      | Learned a level 1 spell: Apportation
  5464 | D:7      | Killed Menkaure
  5464 | D:7      | Reached skill level 11 in Axes
  5476 | D:7      | Found a staircase to the Ecumenical Temple.
  5485 | Temple   | Entered the Ecumenical Temple
  5598 | Temple   | Became a worshipper of Kikubaaqudgha
  5882 | D:7      | Learned a level 2 spell: Passwall
  5886 | D:7      | Noticed Joseph
  5897 | D:7      | Killed Joseph
  6310 | D:7      | Reached XP level 10. HP: 91/91 MP: 9/9
  6719 | D:8      | Reached skill level 12 in Axes
  6766 | D:8      | Got a transparent hand axe
  6774 | D:8      | Identified the +11 hand axe "Echar" {holy, Dex+4} (You found it on level 8 of the Dungeon)
  6814 | D:8      | Reached * piety under Kikubaaqudgha
  6814 | D:8      | Identified Kikubaaqudgha's Grimoire of Sinister Rites (Kikubaaqudgha gifted it to you on level 8 of the Dungeon)
  6814 | D:8      | Received a gift from Kikubaaqudgha
  7016 | D:8      | Noticed a centaur warrior
  7024 | D:8      | Killed a centaur warrior
  7032 | D:8      | Got a transparent lead amulet
  7034 | D:8      | Identified the amulet of Xecrilink {Inacc Dex+3} (You found it on level 8 of the Dungeon)
  7170 | D:9      | Noticed Erolcha
  7170 | D:9      | Paralysed by Erolcha for 2 turns
  7185 | D:9      | Killed Erolcha
  7415 | D:9      | Reached skill level 13 in Axes
  7448 | D:9      | Noticed Gastronok
  7461 | D:9      | HP: 1/93 [Gastronok (28)]
  7473 | D:9      | Killed Gastronok
  7473 | D:9      | Reached skill level 10 in Fighting
  7473 | D:9      | Reached skill level 10 in Armour
  7473 | D:9      | Reached XP level 11. HP: 30/100 MP: 10/10
  8162 | D:9      | Found a shimmering altar of Xom.
  8265 | D:10     | Entered Level 10 of the Dungeon
  8265 | D:10     | Found a staircase to the Lair.
  8265 | D:10     | Noticed Urug
  8304 | D:10     | Killed Urug
  8334 | D:10     | Reached ** piety under Kikubaaqudgha
  8334 | D:10     | Reached skill level 1 in Necromancy
  8403 | D:10     | Noticed Psyche
  8412 | D:10     | Killed Psyche
  8449 | D:10     | Reached skill level 1 in Spellcasting
  8459 | D:10     | Found a staircase to the Orcish Mines.
  8516 | D:10     | Noticed Maurice
  8530 | D:10     | Killed Maurice
  8530 | D:10     | Reached skill level 14 in Axes
  8730 | D:10     | Noticed Snorg
  8749 | D:10     | HP: 4/101 [Snorg (2)]
  8751 | D:10     | Slain by Snorg

Skill      XL: |  1  2  3  4  5  6  7  8  9 10 11 |
---------------+----------------------------------+-----
Axes           | 3 4 5 6 8 10 11 13 14 | 14.1
Armour         | 4 5 6 7 8 10 | 10.6
Fighting       | 4 5 6 7 9 10 | 10.7
Shields        | 4 6 8 |  8.4
Necromancy     | 1 |  1.6
Spellcasting   | 1 |  1.4

Action                   |  1- 3 |  4- 6 |  7- 9 | 10-12 || total
-------------------------+-------+-------+-------+-------++-------
Melee: War axe           |    64 |   113 |   342 |    78 ||   597
       Headbutt          |     8 |    18 |    72 |    54 ||   152
       Short sword       |    11 |       |       |       ||    11
       Hand axe          |       |       |       |   212 ||   212
  Use: Scroll            |     1 |     2 |    14 |     7 ||    24
       Potion            |       |     1 |       |     4 ||     5
  Eat: Chunk             |       |     7 |    11 |     8 ||    26
       Beef jerky        |       |       |       |     4 ||     4
       Fruit             |       |       |       |     1 ||     1
Armor: Scale mail        |    38 |    59 |       |       ||    97
       Chain mail        |       |     8 |    30 |       ||    38
       Plate armour      |       |       |   190 |   139 ||   329
Dodge: Dodged            |    48 |    44 |   104 |    87 ||   283
Block: Buckler           |       |       |    31 |    65 ||    96
